 Dungeon Crawl Stone Soup version 0.28-a0-589-g333b8329f1 (webtiles) character file.

Game seed: 3142627224889770990

41 Demosthentine the Poker (level 3, -2/28 HPs)
             Began as a Merfolk Gladiator on Oct 4, 2021.
             Slain by Natasha (4 damage)
             ... on level 2 of the Dungeon.
             The game lasted 00:00:50 (1253 turns).

Demosthentine the Poker (Merfolk Gladiator)         Turns: 1253, Time: 00:00:51

Health: -2/28      AC:  4    Str: 15    XL:     3   Next: 52%
Magic:  3/3        EV: 13    Int:  7    God:
Gold:   54         SH:  0    Dex: 15    Spells: 2/2 levels left

rFire   . . .      SeeInvis .   a - +0 trident
rCold   . . .      Faith    .   (no shield)
rNeg    . . .      Spirit   .   b - +0 leather armour
rPois   .          Reflect  .   c - +0 helmet
rElec   .          Harm     .   (no cloak)
rCorr   .          Rampage  .   (no gloves)
Will    .....                   (no boots)
Stlth   +.........              (no amulet)
HPRegen 0.09/turn               (no ring)
MPRegen 0.08/turn               (no ring)

@: slowed, very slow
A: (nimble swimmer 2), mertail
a: no special abilities


You were on level 2 of the Dungeon.
You visited 1 branch of the dungeon, and saw 2 of its levels.

You collected 54 gold pieces.

Inventory:

Hand Weapons
 a - a +0 trident (weapon)
Missiles
 d - 3 throwing nets (quivered)
Armour
 b - a +0 leather armour (worn)
 c - a +0 helmet (worn)
Scrolls
 e - a scroll of identify
 f - a scroll of enchant armour {unknown}
 g - a scroll of fog


   Skills:
 + Level 2.7 Fighting
 + Level 5.0 Polearms
 - Level 2.0 Throwing
 + Level 0.9 Armour
 + Level 4.6 Dodging


You had 2 spell levels left.
You didn't know any spells.
Your spell library contained the following spells:

 Spells                   Type           Power      Damage    Failure   Level
 Shock                    Conj/Air       0%         1d3       50%         1
 Blink                    Tloc           N/A        N/A       65%         2
 Lesser Beckoning         Tloc           0%         N/A       86%         3
 Swiftness                Air            0%         N/A       86%         3
 Airstrike                Air            0%         N/A       99%         4
 Manifold Assault         Tloc           0%         N/A       100%        5


Dungeon Overview and Level Annotations

Branches:
Dungeon (2/15)

Altars:

Annotations:
D:2 Natasha


Innate Abilities, Weirdness & Mutations

((You are quick and stealthy near water. (Stealth+, EV+, Speed+++)))
Your lower body shifts to a powerful aquatic tail in water.


Message History

Natasha is moderately wounded.
Natasha completely misses you.
You hit Natasha.
Natasha is moderately wounded.
Natasha completely misses you.
You closely miss Natasha.
Natasha is moderately wounded.
Natasha completely misses you.
You hit Natasha.
Natasha is heavily wounded.
Natasha claws you.
You hit Natasha.
Natasha is severely wounded.
Natasha claws you.
* * * LOW HITPOINT WARNING * * *
You closely miss Natasha.
Natasha is severely wounded.
Natasha claws you.
* * * LOW HITPOINT WARNING * * *
Unknown command.
You completely miss Natasha.
Natasha is severely wounded.
Natasha mumbles some strange words.
You barely miss Natasha.
Natasha is severely wounded.
Natasha drinks a potion.
Natasha is healed!
Unknown command.
You barely miss Natasha.
Natasha stares at you and mumbles some strange words.
You resist with significant effort.
You hit Natasha.
Natasha is lightly wounded.
Natasha casts a spell at you.
You feel yourself slow down.
Unknown command.
You aren't carrying any potions.
You barely miss Natasha.
Natasha is lightly wounded.
Natasha misses you. Natasha claws you.
You die...

#.# . ... #.# #.
#.# #.# #. ##.## #
... #.. ... .# #..
#.##.##.## #..
#.#.#... #..
#.#####...## #..
#....5h@...########
#..
########.#........#
#.. #.########.#
##. #.# #.#####.
#.########.......
#..............##
################


You could see Natasha and a crimson imp (summoned).

Vanquished Creatures
  A worm (D:2)
  5 endoplasms (D:1)
  3 giant cockroaches
  2 hobgoblins (D:1)
  6 kobolds
  2 quokkas
  3 ball pythons (D:1)
  4 bats
  3 frilled lizards
  2 goblins (D:1)
  3 rats
34 creatures vanquished.

Notes
Turn   | Place    | Note
-------+----------+-------------------------------------------
     0 | D:1      | Demosthentine the Merfolk Gladiator began the quest for the
                  | Orb.
     0 | D:1      | Reached XP level 1. HP: 16/16 MP: 1/1
   155 | D:1      | Reached XP level 2. HP: 23/23 MP: 2/2
   544 | D:1      | Reached XP level 3. HP: 27/28 MP: 3/3
  1182 | D:2      | Reached skill level 5 in Polearms
  1231 | D:2      | Noticed Natasha
  1253 | D:2      | Slain by Natasha

Illustrated notes

Levels and vault maps discovered:
D:1:      minmay_arrival_semitransparent, layout_basic, st_stairs_8,
          hangedman_abyss_or_decor_stabs, minmay_pentomino_r2
D:2:      layout_loops_ring, grunt_ministairs_10, uniq_natasha, uniq_robin

Skill      XL: |  1  2  3 |
---------------+----------+-----
Polearms       | 5 |  5.0
Fighting       | |  2.7
Throwing       | |  2.0
Armour         | |  0.9
Dodging        | |  4.6

Action                   || total
-------------------------++-------
Melee: Trident           ||   113
  Use: Scroll            ||     2
 Stab: Sleeping          ||     2
Armor: Leather armour    ||    15
Dodge: Dodged            ||    43

Table legend: (Time is in decaauts)
 A = Elapsed time spent in this place.
 B = Non-inter-level travel time spent in this place.
 C = Inter-level travel time spent in this place.
 D = Time resting spent in this place.
 E = Time spent auto-exploring this place.
 F = Levels seen in this place.
 G = Mean time per level.
                   A        B        C        D        E       F      G
               +--------+--------+--------+--------+--------+-----+--------+
         Total |   1259 |   1232 |     27 |      0 |   1011 |   2 |  629.5 |
       Dungeon |   1259 |   1232 |     27 |      0 |   1011 |   2 |  629.5 |
               +--------+--------+--------+--------+--------+-----+--------+

Top non-repeatable levels by time:
     D:1: 736 daAuts
     D:2: 523 daAuts
